 Dungeon Crawl Stone Soup version 0.24-a0-422-g9eff3895ba (webtiles) character file.

Game seed: 2331202866321836583

238 KristoblXynda the Chopper (level 5, -2/46 HPs)
             Began as a Deep Dwarf Fighter on June 12, 2019.
             Slain by a gnoll
             ... wielding a +0 spear
              (6 damage)
             ... on level 3 of the Dungeon.
             The game lasted 00:04:17 (2233 turns).

KristoblXynda the Chopper (Deep Dwarf Fighter)      Turns: 2233, Time: 00:04:18

Health: -2/46      AC:  9    Str: 21    XL:     5   Next: 78%
Magic:  4/4        EV:  7    Int:  8    God:
Gold:   126        SH: 10    Dex: 16    Spells: 4/4 levels left

rFire    + . .     SeeInvis .   a - +0 war axe
rCold    + . .     Gourm    .   c - +0 shield
rNeg     . . .     Faith    .   b - +0 scale mail
rPois    .         Spirit   .   t - +0 helmet
rElec    .         Reflect  .   q - scarf {rC+ rF+}
rCorr    .         Harm     .   p - +0 pair of gloves
MR       .....                  (no boots)
Stlth    ..........             (no amulet)
HPRegen  0.00/turn              (no ring)
MPRegen  0.09/turn              u - +4 ring of dexterity

@: non-regenerating
A: damage resistance, heal wounds, sense surroundings 1, no regeneration
a: Heal Wounds


You were on level 3 of the Dungeon.
You were not hungry.

You visited 1 branch of the dungeon, and saw 3 of its levels.

You collected 126 gold pieces.

Inventory:

Hand Weapons
 a - a +0 war axe (weapon)
Armour
 b - a +0 scale mail (worn)
 c - a +0 shield (worn)
 m - a scarf of cloud immunity
 p - a +0 pair of gloves (worn)
 q - a scarf of resistance (worn)
 t - a +0 helmet (worn)
Jewellery
 u - a +4 ring of dexterity (right hand)
Scrolls
 g - 2 scrolls of teleportation
 l - 2 scrolls of remove curse
Potions
 d - a potion of might
 e - a potion of brilliance {unknown}
 h - 2 potions of resistance
 i - 2 potions of curing {unknown}
 j - a potion of flight {unknown}
 k - a potion of invisibility {unknown}
 n - 2 potions of haste {unknown}
 o - a potion of degeneration {unknown}
Comestibles
 f - 4 rations
 r - a chunk of flesh


   Skills:
 - Level 2.6 Fighting
 * Level 5.0 Axes
 + Level 4.5 Armour
 + Level 4.5 Shields


You had 4 spell levels left.
You didn't know any spells.
Your spell library was empty.

Dungeon Overview and Level Annotations

Branches:
Dungeon (3/15)

Altars:
Gozag


Innate Abilities, Weirdness & Mutations

You are resistant to damage.
You can heal yourself by infusing magical energy.
You passively map a small area around you.
You do not regenerate.


Message History

The gnoll barely misses you. The gnoll hits you but does no damage.
You slash the gnoll!
The gnoll is almost dead.
You hit the gnoll. You block the gnoll's attack.
The gnoll hits you from afar with a +0 spear.
The gnoll hits you.
* * * LOW HITPOINT WARNING * * *
You completely miss the gnoll.
The gnoll is almost dead.
You barely miss the gnoll. The gnoll hits you but does no damage.
The gnoll hits you from afar with a +0 spear.
* * * LOW HITPOINT WARNING * * *
You block the gnoll's attack.
Unknown command.
You closely miss the gnoll.
The gnoll is almost dead.
You hit the gnoll.
The gnoll hits you but does no damage. x2
The gnoll hits you. The gnoll hits you but does no damage.
The gnoll hits you from afar with a +0 spear!
You die...

#......###########......
#.........^.............
#..............###......
#.........".............
#...............#.......
#...............#.######
#....<..........#.######
#.......#####+#.#.#..=..
#...!.g@# , , .#.#.####
#######g# * #* .#.#)####
#g# * ....#.#..... **
#>. ,............ * ,*
#.. ......#..... , *#...
,......##.... , ....,
....., #.... ##...
......##.... *
............


You could see 3 gnolls.

Vanquished Creatures
  A hound (D:3)
  A worker ant (D:2)
  4 gnolls (D:2)
  5 adders
  An ooze (D:3)
  A worm (D:3)
  3 dart slugs (D:3)
  3 leopard geckos
  An orc (D:3)
  11 bats
  A giant cockroach (D:1)
  17 goblins
  11 hobgoblins
  7 kobolds
  3 quokkas (D:3)
  11 frilled lizards
  4 rats
85 creatures vanquished.

Notes
Turn   | Place    | Note
-------+----------+-------------------------------------------
     0 | D:1      | KristoblXynda the Deep Dwarf Fighter began the quest for
                  | the Orb.
     0 | D:1      | Reached XP level 1. HP: 20/20 MP: 1/1
   118 | D:1      | Reached XP level 2. HP: 27/27 MP: 2/2
   305 | D:1      | Reached skill level 3 in Axes
   670 | D:2      | Reached XP level 3. HP: 29/33 MP: 3/3
   922 | D:2      | Reached XP level 4. HP: 25/40 MP: 4/4
   931 | D:2      | Reached skill level 4 in Axes
  1072 | D:2      | Reached XP level 5. HP: 17/46 MP: 4/4
  1724 | D:3      | Found an opulent altar of Gozag.
  2150 | D:3      | Reached skill level 5 in Axes
  2233 | D:3      | Slain by a gnoll

Levels and vault maps discovered:
D:1:      minmay_arrival_plants_in_alcoves, layout_loops_ring, st_stairs_7
D:2:      kennysheep_the_goblin_king, layout_loops_ring, minmay_lizard_pond
D:3:      layout_basic, nicolae_gozag_seed_capital

Skill      XL: |  1  2  3  4  5 |
---------------+----------------+-----
Axes           | 3 4 5 |  5.0
Shields        | 4 |  4.5
Armour         | 4 |  4.5
Fighting       | |  2.6

Action                   |  1- 3 |  4- 6 || total
-------------------------+-------+-------++-------
Melee: War axe           |   124 |   147 ||   271
 Abil: Heal Wounds       |       |     1 ||     1
  Use: Scroll            |     2 |     4 ||     6
  Eat: Chunk             |       |     5 ||     5
Armor: Scale mail        |    87 |    60 ||   147
Dodge: Dodged            |    55 |    46 ||   101
Block: Shield            |    94 |    84 ||   178

Table legend:
 A = Non-vault XP
 B = Vault XP
 C = Vault XP percentage of total XP
 D = Non-vault monster count
 E = Vault monster count
 F = Vault count percentage of total count
                 A         B        C        D         E       F
            +---------+---------+-------+---------+---------+-------
      Total |     320 |      21 |   6.2 |      71 |      14 |  16.5
            +---------+---------+-------+---------+---------+-------
        D:1 |      36 |       2 |   5.3 |      20 |       1 |   4.8
        D:2 |     158 |      19 |  10.7 |      24 |      13 |  35.1
        D:3 |     126 |       0 |   0.0 |      27 |       0 |   0.0
            +---------+---------+-------+---------+---------+-------
